 Dungeon Crawl Stone Soup version 0.29-a0-111-gbaf749a769 (webtiles) character file.

Game seed: 950233415943465510

280 siradein the Cudgeller (level 6, 0/37 HPs)
             Began as a Gargoyle Gladiator on Feb 18, 2022.
             Was an Initiate of Nemelex Xobeh.
             Slain by a lemure (3 damage)
             ... led by Pikel
             ... on level 4 of the Dungeon.
             The game lasted 00:08:19 (3632 turns).

siradein the Cudgeller (Gargoyle Gladiator)         Turns: 3632, Time: 00:08:20

Health: 0/37       AC:  9    Str: 17    XL:     6   Next: 27%
Magic:  7/7        EV: 12    Int:  9    God:    Nemelex Xobeh [......]
Gold:   144        SH:  4    Dex: 13    Spells: 5/5 levels left

rFire   . . .      SeeInvis .   a - +0 flail
rCold   . . .      Faith    .   y - +0 buckler
rNeg    + . .      Spirit   .   t - +1 leather armour {rPois}
rPois   ∞          Reflect  .   c - +0 helmet
rElec   +          Harm     .   (no cloak)
rCorr   .          Rampage  .   (no gloves)
Will    .....                   (no boots)
Stlth   +.........              (no amulet)
HPRegen 0.12/turn               (no ring)
MPRegen 0.10/turn               (no ring)

@: no status effects
A: sickness immunity, AC +4, negative energy resistance 1, electricity
resistance, torment resistance 1, petrification resistance
a: Renounce Religion, Draw Escape, Draw Destruction, Draw Summoning


You were on level 4 of the Dungeon.
You worshipped Nemelex Xobeh.
Nemelex Xobeh was noncommittal.
You visited 1 branch of the dungeon, and saw 4 of its levels.

You collected 144 gold pieces.

Inventory:

Hand Weapons
 a - a +0 flail (weapon)
 k - a +0 hunting sling
Missiles
 f - 6 poisoned darts (quivered)
 g - 57 stones
 n - 3 boomerangs
 o - 47 sling bullets
 q - 4 javelins
 B - 4 curare-tipped darts
Armour
 c - a +0 helmet (worn)
 t - a +1 leather armour of poison resistance (worn)
 y - a +0 buckler (worn)
Wands
 z - a wand of paralysis (12)
Scrolls
 l - a scroll of amnesia {unknown}
 m - 2 scrolls of summoning {unknown}
 p - 3 scrolls of teleportation {unknown}
 r - a scroll of torment {unknown}
 u - 2 scrolls of fear {unknown}
 v - 2 scrolls of immolation {unknown}
 x - a scroll of identify {unknown}
 A - a scroll of holy word {unknown}
Potions
 b - 2 potions of lignification {unknown}
 e - 3 potions of attraction {unknown}
 h - 3 potions of curing {unknown}
 i - 2 potions of brilliance {unknown}
 j - a potion of heal wounds {unknown}
 s - 2 potions of might {unknown}
 w - a potion of degeneration {unknown}


   Skills:
 + Level 3.5 Fighting
 + Level 4.0 Maces & Flails
 + Level 3.0 Throwing
 + Level 1.5 Armour
 + Level 3.2 Dodging
 + Level 1.5 Shields
 + Level 1.4 Invocations


You had 5 spell levels left.
You didn't know any spells.
Your spell library contained the following spells:

 Spells                   Type           Power      Damage    Failure   Level
 Magic Dart               Conj           0%         1d3       54%         1
 Call Imp                 Summ           0%         N/A       69%         2
 Mephitic Cloud           Conj/Pois/Air  0%         N/A       89%         3
 Tukima's Dance           Hex            0%         N/A       89%         3
 Passage of Golubria      Tloc           0%         N/A       100%        4
 Yara's Violent Unravell  Hex/Tmut       0%         3d3       100%        5


Dungeon Overview and Level Annotations

Branches:
Dungeon (4/15)
 Temple: D:4-7

Altars:
Nemelex Xobeh

Shops:
D:4 (

Annotations:
D:4 Pikel


Innate Abilities, Weirdness & Mutations

You are immune to sickness and miasma.
Your stone body is resilient. (AC +4)
You are immune to poison.
You resist negative energy. (rN+)
You are resistant to electric shocks. (rElec)
You are resistant to unholy torment.
You are immune to petrification.


Message History

The lemure hits you. The lemure hits you but does no damage.
The lemure closely misses you.
You sock Pikel!
Pikel is moderately wounded.
The lemure hits you but does no damage. Pikel barely misses you.
The lemure completely misses you. The lemure barely misses you.
The lemure misses you. The lemure hits you. You block Pikel's attack.
You closely miss Pikel.
Pikel is moderately wounded.
The lemure hits you but does no damage. x2; The lemure barely misses you.
The lemure hits you but does no damage.
Pikel hits you with a +1 whip of electrocution.
* * * LOW HITPOINT WARNING * * *
The lemure hits you but does no damage.
Throw: throwing net
Press: ? - help, Q - select action, (/) - cycle Shift-Dir - straight line, f/p - Pikel
Aim: Pikel, wielding a +1 whip of electrocution and wearing a +0 robe (moderately wounded, 51% to hit)
You throw a throwing net. The throwing net hits Pikel.
Pikel is caught in the net!
Pikel is moderately wounded.
The lemure hits you but does no damage. The lemure barely misses you. x2
Pikel struggles against the net.
You hit Pikel but do no damage.
Pikel is moderately wounded.
The lemure hits you.
* * * LOW HITPOINT WARNING * * *
The lemure barely misses you. The lemure hits you but does no damage.
The lemure barely misses you.
Pikel struggles against the net.
The lemure closely misses you. The lemure hits you but does no damage.
You hit Pikel but do no damage.
Pikel is moderately wounded.
You block the lemure's attack.
Pikel struggles against the net.
The lemure hits you but does no damage. x2; The lemure hits you.
* * * LOW HITPOINT WARNING * * *
The lemure misses you.
Unknown command.
Pikel struggles against the net.
The lemure closely misses you. The lemure hits you.
You die...
Your body disappears without a glow.

###.#..#.####....###
# #.##.#....#....###
# #.# .# #...#.....#
....##.#####..#..##.#
###...........#..# #
#.#####........##.###
.. ##..#.........[
.......#55##.##
#.(.....K5@....#
..........5.....#
........>.###...#
...##.##..# ####
........ ##.##..#
#.##..## #)##...#
#.##.#[#


You could see Pikel (caught) and 4 lemures.

Vanquished Creatures
  2 water moccasin skeletons (D:4)
  A howler monkey (D:4)
  A hound (D:4)
  5 adders
  An adder skeleton (D:4)
  A worm (D:3)
  A dart slug (D:2)
  An orc (D:2)
  3 ball pythons
  3 bats
  5 endoplasms
  4 giant cockroaches
  6 goblins
  7 hobgoblins
  5 jackals
  A quokka (D:1)
  4 frilled lizards
  6 kobolds
  2 rats
59 creatures vanquished.

Vanquished Creatures (others)
  4 toadstools (D:1)
4 creatures vanquished.

Grand Total: 63 creatures vanquished

Notes
Turn   | Place    | Note
-------+----------+-------------------------------------------
     0 | D:1      | siradein the Gargoyle Gladiator began the quest for the
                  | Orb.
     0 | D:1      | Reached XP level 1. HP: 12/12 MP: 1/1
   343 | D:1      | Reached XP level 2. HP: 12/18 MP: 2/2
   508 | D:1      | Found a faded altar of an unknown god.
  1229 | D:2      | Reached XP level 3. HP: 20/22 MP: 3/3
  2203 | D:2      | Reached XP level 4. HP: 25/27 MP: 4/4
  2836 | D:3      | Found a sparkling altar of Nemelex Xobeh.
  2969 | D:3      | Became a worshipper of Nemelex Xobeh the Trickster
  3120 | D:4      | Reached XP level 5. HP: 25/32 MP: 5/5
  3262 | D:4      | Noticed Pikel
  3262 | D:4      | Noticed a lemure
  3262 | D:4      | Noticed a lemure
  3262 | D:4      | Noticed a lemure
  3291 | D:4      | Reached skill level 1 in Armour
  3291 | D:4      | Reached skill level 1 in Shields
  3349 | D:4      | Reached skill level 1 in Invocations
  3349 | D:4      | Reached XP level 6. HP: 29/37 MP: 6/6
  3382 | D:4      | Found Hoedycko's Antique Weapon Shoppe.
  3398 | D:4      | Reached skill level 4 in Maces & Flails
  3632 | D:4      | Slain by a lemure

Illustrated notes

Levels and vault maps discovered:
D:1:      ldierk_water_garden, layout_basic, chequers_ecumenical_altar_simple,
          nrook_loot_triangle
D:2:      layout_basic
D:3:      layout_rooms, nemelex_spade_bored_becter,
          minmay_misc_feat_four_crosses
D:4:      layout_rooms, zin_scriptorium, serial_shops, shop,
          kennysheep_generic_room_15, uniq_pikel

Skill      XL: |  1  2  3  4  5  6 |
---------------+-------------------+-----
Throwing       | 2 3 |  3.0
Fighting       | 3 |  3.5
Dodging        | 3 |  3.2
Armour         | 1 |  1.5
Shields        | 1 |  1.5
Invocations    | 1 |  1.4
Maces & Flails | 4 |  4.0

Action                   |  1- 3 |  4- 6 || total
-------------------------+-------+-------++-------
Melee: Flail             |   133 |   109 ||   242
Throw: Throwing net      |       |     3 ||     3
 Stab: Sleeping          |     1 |     2 ||     3
Armor: Leather armour    |    73 |    49 ||   122
Dodge: Dodged            |   120 |    92 ||   212
Block: Buckler           |       |    19 ||    19

Table legend: (Time is in decaauts)
 A = Elapsed time spent in this place.
 B = Non-inter-level travel time spent in this place.
 C = Inter-level travel time spent in this place.
 D = Time resting spent in this place.
 E = Time spent auto-exploring this place.
 F = Levels seen in this place.
 G = Mean time per level.
                   A        B        C        D        E       F      G
               +--------+--------+--------+--------+--------+-----+--------+
         Total |   3694 |   3639 |     55 |    280 |   2496 |   4 |  923.5 |
       Dungeon |   3694 |   3639 |     55 |    280 |   2496 |   4 |  923.5 |
               +--------+--------+--------+--------+--------+-----+--------+

Top non-repeatable levels by time:
     D:2: 1259 daAuts
     D:1: 1163 daAuts
     D:3: 788 daAuts
     D:4: 483 daAuts
